 Dungeon Crawl Stone Soup version 0.29.1-15-g9cfb28693d (webtiles) character file.

Game seed: 10571159415803151103

2104 apulaz the Shooter (level 9, -23/46 HPs)
             Began as a Spriggan Hunter on Mar 31, 2023.
             Was an Initiate of Hepliaklqana.
             Killed from afar by a gargoyle (32 damage)
             ... with a stone arrow
             ... in a bailey.
             The game lasted 00:25:24 (5793 turns).

apulaz the Shooter (Spriggan Hunter)                Turns: 5793, Time: 00:25:24

Health: -23/46     AC:  3    Str:  7    XL:     9   Next: 7%
Magic:  16/16      EV: 25    Int: 11    God:    Hepliaklqana [......]
Gold:   355        SH:  5    Dex: 22    Spells: 14/16 levels left

rFire   . . .      SeeInvis +   f - +0 shortbow
rCold   . . .      Faith    .   (shield currently unavailable)
rNeg    . . .      Spirit   .   j - +1 robe of Temperance {+Blink rPois}
rPois   +          Reflect  +   (helmet restricted)
rElec   .          Harm     .   (no cloak)
rCorr   .          Rampage  .   (gloves unavailable)
Will    +....                   (boots unavailable)
Stlth   +++.......              x - amulet of reflection
HPRegen 0.15/turn               a - +4 ring of evasion
MPRegen 0.15/turn               v - ring of flight

@: flying, very quick
A: very small, no large weapons, unfitting armour, see invisible, speed 3
a: Renounce Religion, Evoke Blink


You were in a bailey.
You worshipped Hepliaklqana.
Hepliaklqana was noncommittal.
You visited 2 branches of the dungeon, and saw 8 of its levels.
You also visited: Bailey.

You collected 355 gold pieces.

Inventory:

Hand Weapons
 f - a +0 shortbow (weapon)
 g - a +2 dagger of flaming
Armour
 j - the +1 robe of Temperance (worn) {+Blink rPois}
   (You found it on level 2 of the Dungeon)

   rPois:     It protects you from poison.
   +Blink:    It lets you blink.
Jewellery
 a - a +4 ring of evasion (left hand)
 l - a ring of magical power
 q - an amulet of the acrobat
 u - a ring of magical power
 v - a ring of flight (right hand)
 x - an amulet of reflection (around neck)
Wands
 y - a wand of digging (8)
Scrolls
 b - 3 scrolls of immolation
 c - a scroll of enchant armour
 d - 2 scrolls of identify
 e - 4 scrolls of blinking
 h - 3 scrolls of amnesia
 n - 4 scrolls of teleportation
 r - a scroll of fog
 s - a scroll of vulnerability
 z - a scroll of silence
Potions
 i - 3 potions of curing
 k - a potion of mutation {unknown}
 m - 4 potions of degeneration {unknown}
 o - 2 potions of might {unknown}
 p - a potion of invisibility {unknown}
 t - a potion of magic {unknown}
 w - a potion of heal wounds {unknown}
 A - a potion of ambrosia {unknown}
 B - a potion of haste {unknown}
 C - a potion of cancellation {unknown}
 D - a potion of attraction {unknown}


   Skills:
 * Level 4.5 Fighting
 * Level 6.6 Ranged Weapons
 + Level 5.4 Dodging
 - Level 5.0 Stealth
 + Level 4.0 Spellcasting
 * Level 5.7 Hexes
 + Level 3.4 Invocations
 + Level 4.4 Evocations


You had 14 spell levels left.
You knew the following spells:

 Your Spells              Type           Power      Damage    Failure   Level
a - Passwall              Tmut/Erth      1%         N/A       34%         2

Your spell library contained the following spells:

 Spells                   Type           Power      Damage    Failure   Level
 Sandblast                Erth           4%         2d4       24%         1
 Stone Arrow              Conj/Erth      4%         3d7       56%         3


Dungeon Overview and Level Annotations

Branches:
Dungeon (7/15)             Temple (1/1) D:6          Bailey (1/1)

Altars:
Ashenzari
Cheibriados
Dithmenos
Elyvilon
Fedhas
Gozag
Hepliaklqana
Kikubaaqudgha
Makhleb
Okawaru
Qazlal
Ru
Sif Muna
Uskayaw
Vehumet
Wu Jian
Xom
Yredelemnul
Zin
The Shining One

Annotations:
D:7 Joseph


Innate Abilities, Weirdness & Mutations

You are very small and have problems with some larger weapons.
You are too small for most types of armour.
You have supernaturally acute eyesight. (SInv)
You cover ground extremely quickly. (Speed+++)


Message History

Aim: a gargoyle, wielding a +3 flail of protection (heavily damaged, 80% to hit)
You shoot an arrow. The arrow barely misses the gargoyle.
The gargoyle hurls a stone arrow at you.
The stone arrow misses you.
Fire: f) +0 shortbow
Press: ? - help, Q - select action, (/) - cycle Shift-Dir - straight line, f/p - gargoyle
Aim: a gargoyle, wielding a +3 flail of protection (heavily damaged, 80% to hit)
You shoot an arrow.
The arrow hits the gargoyle but does no damage.
The gargoyle is heavily damaged.
The gargoyle hurls a stone arrow at you.
The stone arrow misses you.
Fire: f) +0 shortbow
Press: ? - help, Q - select action, (/) - cycle Shift-Dir - straight line, f/p - gargoyle
Aim: a gargoyle, wielding a +3 flail of protection (heavily damaged, 80% to hit)
You shoot an arrow.
The arrow hits the gargoyle but does no damage.
The gargoyle is heavily damaged.
The gargoyle hurls a stone arrow at you.
The stone arrow misses you.
Fire: f) +0 shortbow
Press: ? - help, Q - select action, (/) - cycle Shift-Dir - straight line, f/p - gargoyle
Aim: a gargoyle, wielding a +3 flail of protection (heavily damaged, 80% to hit)
You shoot an arrow.
The arrow hits the gargoyle but does no damage.
The gargoyle is heavily damaged.
The gargoyle hurls a stone arrow at you.
The stone arrow hits you!
* * * LOW HITPOINT WARNING * * *
Fire: f) +0 shortbow
Press: ? - help, Q - select action, (/) - cycle Shift-Dir - straight line, f/p - gargoyle
Aim: a gargoyle, wielding a +3 flail of protection (heavily damaged, 80% to hit)
You shoot an arrow. The arrow barely misses the gargoyle.
The gargoyle hurls a stone arrow at you.
The stone arrow misses you.
You see here a +0 trident.
The gargoyle hurls a stone arrow at you.
The stone arrow hits you!!
Ouch! That really hurt!
You die...

#..∩..∩..# #........#
###......###
##.........9##
♣♣#....#..#....#♣♣♣♣♣♣♣♣♣
♣≈≈≈≈≈≈#..#≈≈≈≈≈≈≈≈≈≈≈≈≈♣♣
♣≈≈≈≈≈≈#..#≈≈≈≈≈≈≈≈≈≈≈≈≈≈≈
♣♣♣#####.)#.............≈≈
#...#.@########+#.....≈
#...#..# #...8.. #...#..#
#..8...
#...#))##+#####+#.....♣
#..)#)9#........##....♣
#...........♣....#....♣
#............♣...#.....
###.....♣.♣......##....
+....♣..........#..8.


You could see a gargoyle.

Vanquished Creatures
  Edmund (D:5)
  2 water moccasins (D:5)
  2 ice beasts
  2 sky beasts (D:7)
  A black bear (D:4)
  3 phantoms
  A kobold brigand (D:7)
  A bullfrog (D:5)
  A scorpion (D:6)
  A howler monkey (D:5)
  8 wolf zombies (Bailey)
  A crimson imp (D:6)
  6 hounds
  3 iguanas
  2 orc wizards (D:7)
  3 gnolls (D:6)
  3 adders
  2 shadow imps
  A white imp (D:6)
  2 worms (D:2)
  3 dart slugs
  21 orcs
  3 endoplasms
  2 giant cockroaches
  5 hobgoblins
  3 jackals (D:4)
  3 quokkas
  11 ball pythons
  5 bats
  5 frilled lizards
  11 goblins
  2 goblin skeletons (D:6)
  2 goblin zombies (D:6)
  4 hobgoblin zombies (D:6)
  13 kobolds
  2 kobold zombies (D:6)
  10 orc zombies
  6 rats
157 creatures vanquished.

Vanquished Creatures (others)
  2 plants (D:2)
2 creatures vanquished.

Grand Total: 159 creatures vanquished

Notes
Turn   | Place    | Note
-------+----------+-------------------------------------------
     0 | D:1      | apulaz the Spriggan Hunter began the quest for the Orb.
     0 | D:1      | Reached XP level 1. HP: 10/10 MP: 2/2
   101 | D:1      | Reached XP level 2. HP: 15/15 MP: 3/3
   572 | D:2      | Reached XP level 3. HP: 18/18 MP: 5/5
   600 | D:2      | Identified the +1 robe of Temperance {+Blink rPois}
   696 | D:2      | Found a faded altar of an unknown god.
   789 | D:2      | Found a blossoming altar of Fedhas.
   799 | D:2      | Reached skill level 1 in Spellcasting
   799 | D:2      | Reached skill level 1 in Evocations
   823 | D:2      | Reached skill level 1 in Hexes
  1320 | D:3      | Found a shimmering altar of Xom.
  1364 | D:3      | Found an ancient bone altar of Kikubaaqudgha.
  1801 | D:4      | Reached XP level 4. HP: 18/23 MP: 6/6
  1892 | D:4      | Reached skill level 1 in Invocations
  2085 | D:4      | Identified the +5 hand axe "Vonn" {freeze, rElec rCorr}
  2341 | D:4      | Noticed a phantom
  2518 | D:4      | Killed a phantom
  2519 | D:4      | Reached XP level 5. HP: 20/27 MP: 8/8
  2687 | D:4      | Identified the +10 short sword of Moost {antimagic, rF+++
                  | Will- Dex+6}
  2912 | D:5      | Entered Level 5 of the Dungeon
  2916 | D:5      | Noticed a black bear
  2962 | D:4      | Killed a black bear
  2963 | D:4      | Reached XP level 6. HP: 32/32 MP: 10/10
  3076 | D:5      | Found a shimmering blue altar of Sif Muna.
  3148 | D:5      | Reached skill level 5 in Ranged Weapons
  3161 | D:5      | Noticed a water moccasin
  3163 | D:5      | Noticed a water moccasin
  3197 | D:5      | Killed a water moccasin
  3198 | D:5      | Reached XP level 7. HP: 33/36 MP: 11/11
  3311 | D:5      | Noticed Edmund
  3365 | D:5      | Killed Edmund
  3829 | D:6      | Reached XP level 8. HP: 41/41 MP: 13/13
  3845 | D:6      | Found an opulent altar of Gozag.
  4019 | D:6      | Found a glowing golden altar of the Shining One.
  4303 | D:6      | Found a staircase to the Ecumenical Temple.
  4313 | Temple   | Entered the Ecumenical Temple
  4321 | Temple   | Became a worshipper of Hepliaklqana the Forgotten
  4451 | D:6      | Reached skill level 6 in Ranged Weapons
  4710 | D:7      | Found an iron altar of Okawaru.
  4711 | D:7      | Found a basalt altar of Yredelemnul.
  4864 | D:7      | Noticed Joseph
  4965 | D:7      | Reached skill level 5 in Dodging
  4965 | D:7      | Reached skill level 5 in Stealth
  4965 | D:7      | Reached skill level 5 in Hexes
  4977 | D:7      | Found a hide-covered altar of Uskayaw.
  5113 | D:7      | Found a flagged portal.
  5187 | D:7      | Learned a level 2 spell: Passwall
  5202 | Bailey   | Entered a bailey
  5422 | Bailey   | Reached XP level 9. HP: 46/46 MP: 14/16
  5621 | Bailey   | Noticed a gargoyle
  5793 | Bailey   | Killed from afar by a gargoyle

Illustrated notes

Levels and vault maps discovered:
D:1:      kennysheep_arrival_forest, layout_rooms
D:2:      layout_basic, shapermc_ecumenical_altar_acropolis, basic_altar,
          amcnicky_mini_rare_corridor_liquid, minmay_pentomino_x4
D:3:      layout_basic, mainiacjoe_overflow_surrounded_room,
          nicolae_kikubaaqudgha_miasma_corner
D:4:      layout_gridville, nicolae_eternal_life
D:5:      layout_rooms, mainiacjoe_overflow_alcove_4, uniq_edmund
D:6:      layout_basic, nicolae_tso_besieged_by_evil, grunt_gozag_breadcrumbs,
          minmay_temple_entry_poolview
D:7:      layout_rooms, grunt_temple_overflow_open, enter_bailey_5, uniq_joseph
Temple:   nicolae_temple_no_exploring_needed
Bailey:   bailey_polearm_vampire_castle_hellmonk, bailey

Skill      XL: |  1  2  3  4  5  6  7  8 |
---------------+-------------------------+-----
Dodging        | 3 4 5 |  5.4
Stealth        | 2 3 4 5 |  5.0
Fighting       | 2 3 4 |  4.5
Spellcasting   | 1 2 3 4 |  4.0
Evocations     | 1 2 3 4 |  4.4
Hexes          | 1 2 3 4 5 |  5.7
Invocations    | 1 2 3 |  3.4
Ranged Weapons | 5 6 |  6.6

Action                   |  1- 3 |  4- 6 |  7- 9 || total
-------------------------+-------+-------+-------++-------
 Fire: Shortbow          |   129 |   105 |   448 ||   682
  Use: Scroll            |       |       |     7 ||     7
       Potion            |       |       |     1 ||     1
Armor: Robe              |       |     5 |     9 ||    14
Dodge: Dodged            |    41 |    62 |   140 ||   243
Block: Other             |       |       |    24 ||    24
